 Dungeon Crawl Stone Soup version 0.23.2-33-g5129a83184 (webtiles) character file.

Game seed: 4156297415426332006

51 Kalimero the Firebug (level 3, -6/26 HPs)
             Began as a Draconian Fire Elementalist on July 26, 2019.
             Mangled by Sigmund
             ... wielding a +0 scythe
              (10 damage)
             ... on level 2 of the Dungeon.
             The game lasted 00:16:02 (2208 turns).

Kalimero the Firebug (Draconian Fire Elementalist)  Turns: 2208, Time: 00:16:03

Health: -6/26      AC:  5    Str: 10    XL:     3   Next: 57%
Magic:  3/6        EV: 12    Int: 16    God:
Gold:   101        SH:  0    Dex: 11    Spells: 5/6 levels left

rFire    . . .     SeeInvis .   (no weapon)
rCold    . . .     Gourm    .   (no shield)
rNeg     . . .     Faith    .   (armour unavailable)
rPois    .         Spirit   .   (helmet restricted)
rElec    .         Reflect  .   (no cloak)
rCorr    .         Harm     .   (no gloves)
MR       .....                  (no boots)
Stlth    +.........             (no amulet)
HPRegen  0.08/turn              (no ring)
MPRegen  0.10/turn              (no ring)

@: confused
A: unfitting armour, cold-blooded, AC +5
a: no special abilities


You were on level 2 of the Dungeon.
You were not hungry.

You visited 1 branch of the dungeon, and saw 2 of its levels.

You collected 101 gold pieces.

Inventory:

Hand Weapons
 d - a +0 dagger
 e - a +0 mace
 f - a +0 club
 h - a cursed -3 club
 j - a +0 dagger
Armour
 m - a +0 ring mail
Jewellery
 k - a cursed amulet of inaccuracy {unknown}
Scrolls
 a - a scroll of remove curse {unknown}
 c - 3 scrolls of teleportation {unknown}
 g - a scroll of identify {unknown}
 i - a scroll of noise {unknown}
 l - a scroll of enchant armour {unknown}
Potions
 n - a potion of agility {unknown}
Comestibles
 b - 4 rations


   Skills:
 + Level 2.2 Dodging
 + Level 2.3 Stealth
 + Level 2.4 Spellcasting
 + Level 1.6 Conjurations
 + Level 3.3 Fire Magic


You had 5 spell levels left.
You knew the following spells:

 Your Spells              Type           Power        Failure   Level  Hunger
a - Flame Tongue          Conj/Fire      ##...        7%          1    #......

Your spell library contained the following spells:

 Spells                   Type           Power        Failure   Level  Hunger
 Throw Flame              Conj/Fire      ##....       11%         2    ###....
 Animate Skeleton         Necr           N/A          21%         1    #......
 Apportation              Tloc           #.....       21%         1    #......
 Confusing Touch          Hex            #.....       21%         1    #......
 Summon Small Mammal      Summ           #...         21%         1    #......
 Conjure Flame            Conj/Fire      ##......     22%         3    ###....
 Inner Flame              Hex/Fire       #.......     30%         3    ###....
 Sticky Flame             Conj/Fire      ##......     56%         4    #####..
 Fireball                 Conj/Fire      ##........   89%         5    ######.


Dungeon Overview and Level Annotations

Branches:
Dungeon (2/15)

Altars:
Okawaru
Qazlal

Annotations:
D:2 Sigmund


Innate Abilities, Weirdness & Mutations

Your plain brown scales are hard. (AC +5)
You cannot fit into any form of body armour.
You are cold-blooded and may be slowed by cold attacks.


Message History

Confirm with . or Enter, or press ? or * to list all spells.
You don't have enough magic to cast that spell.
Sigmund hits you but does no damage.
Sigmund points at you and mumbles some strange words.
The puff of flame misses you. Sigmund closely misses you.
Sigmund looks at you with fury.
Sigmund points at you and mumbles some strange words.
You are confused.
Sigmund points at you and mumbles some strange words.
The puff of flame hits you.
* * * LOW HITPOINT WARNING * * *
You bump into the rock wall.
Sigmund points at you and mumbles some strange words.
You are more confused.
You bump into the rock wall.
You bump into the rock wall.
Sigmund closely misses you.
You bump into the rock wall.
Sigmund hits you with a +0 scythe!
You die...

###...#
#....(......
#.....#
#...........
#..♣..#
#...........
#.♣_♣.#
###.###...##
#..♣..#
#...........
#.....#
#.........##
#.##.##
#.........#
#....#
#.........#
####@#
###.###...#
#@# #.# #...#
#.# #.# #...#
#.#######.#
#...#
#....@..#
#######.#
###########.#
#...........#
##.########.#


You could see Sigmund.

Vanquished Creatures
  An adder (D:2)
  An ooze (D:2)
  2 worms (D:2)
  A dart slug (D:2)
  2 bats
  5 giant cockroaches
  2 goblins (D:1)
  3 hobgoblins
  3 frilled lizards
  5 kobolds
  6 rats
31 creatures vanquished.

Notes
Turn   | Place    | Note
-------+----------+-------------------------------------------
     0 | D:1      | Kalimero the Draconian Fire Elementalist began the quest
                  | for the Orb.
     0 | D:1      | Reached XP level 1. HP: 14/14 MP: 3/3
   502 | D:1      | Reached XP level 2. HP: 20/20 MP: 1/5
  1336 | D:2      | Found a stormy altar of Qazlal.
  1663 | D:2      | Found an iron altar of Okawaru.
  1671 | D:2      | Reached XP level 3. HP: 24/26 MP: 0/6
  2113 | D:2      | Found a faded altar of an unknown god.
  2153 | D:2      | Noticed Sigmund
  2208 | D:2      | Mangled by Sigmund

Skill      XL: |  1  2 |
---------------+-------+-----
Stealth        | 2 |  2.3
Dodging        | 2 |  2.2
Spellcasting   | |  2.4
Conjurations   | |  1.6
Fire Magic     | |  3.3

Action                   || total
-------------------------++-------
Melee: Unarmed           ||     3
       Tailslap          ||     1
 Cast: Flame Tongue      ||    76
  Eat: Ration            ||     2
Armor: Skin              ||    22
Dodge: Dodged            ||    50
